TOP OF THE 1ST |
Bismarck Barons batting - Pitching for San Diego Smashers : LHP Juan Mendoza
|
Pitching: LHP Juan Mendoza
|
|
Batting: RHB Pancho Torres
|
0-0: Called Strike 0-1: Ball 1-1: Swinging Strike 1-2: Strikes out swinging
|
Batting: SHB António De La Cruz
|
0-0: Called Strike 0-1: Ball 1-1: Called Strike 1-2: Strikes out swinging
|
Batting: LHB Edwin Ryan
|
0-0: Ground out 4-3 (Groundball, 34)
|
Top of the 1st over - 0 run(s), 0 hit(s), 0 error(s), 0 left on base; Bismarck 0 - San Diego 0 |
BOTTOM OF THE 1ST |
San Diego Smashers batting - Pitching for Bismarck Barons : RHP Ron Martin
|
Pitching: RHP Ron Martin
|
|
Batting: RHB António López
|
0-0: Ball 1-0: Foul Ball, location: 2F 1-1: Ball 2-1: Ball 3-1: Foul Ball, location: 2F 3-2: Strikes out swinging
|
Batting: SHB Adrián Nieto
|
0-0: Ball 1-0: Ball 2-0: Ball 3-0: Called Strike 3-1: Base on Balls
|
Batting: RHB Alfredo López
|
0-0: Ball 1-0: Foul Ball, location: 2F 1-1: Called Strike 1-2: Ball 2-2: Foul Ball, location: 2F 2-2: Foul Ball, location: 2F 2-2: Foul Ball, location: 2F 2-2: Foul Ball, location: 2F 2-2: Strikes out swinging
|
Batting: RHB Phil White
|
0-0: Called Strike 0-1: DOUBLE (Line Drive, 8LM) Adrián Nieto to third
|
Batting: RHB Marty Hendrickson
|
0-0: Ball 1-0: Foul Ball, location: 2F 1-1: Swinging Strike 1-2: Strikes out swinging
|
Bottom of the 1st over - 0 run(s), 1 hit(s), 0 error(s), 2 left on base; Bismarck 0 - San Diego 0 |
TOP OF THE 2ND |
Bismarck Barons batting - Pitching for San Diego Smashers : LHP Juan Mendoza
|
Batting: RHB Norm Francis
|
0-0: Ball 1-0: Ground out 6-3 (Groundball, 6M)
|
Batting: RHB Eric Fuller
|
0-0: Foul Ball, location: 2F 0-1: Foul Ball, location: 2F 0-2: Strikes out swinging
|
Batting: RHB Herb Bunch
|
0-0: SINGLE (Line Drive, 89S)
|
Batting: LHB Jorge Fernández
|
0-0: Ball 1-0: Ball 2-0: Swinging Strike 2-1: Foul Ball, location: 2F 2-2: Strikes out swinging
|
Top of the 2nd over - 0 run(s), 1 hit(s), 0 error(s), 1 left on base; Bismarck 0 - San Diego 0 |
BOTTOM OF THE 2ND |
San Diego Smashers batting - Pitching for Bismarck Barons : RHP Ron Martin
|
Batting: RHB Fred Ameris
|
0-0: Foul Ball, location: 2F 0-1: Called Strike 0-2: Strikes out swinging
|
Batting: LHB Karl Hill
|
0-0: Ball 1-0: Ball 2-0: Ball 3-0: Base on Balls
|
Batting: RHB John Bryant
|
0-0: Ball 1-0: Called Strike 1-1: Ball 2-1: Swinging Strike 2-2: Strikes out swinging
|
Batting: LHB Francisco Medina
|
0-0: Ball 1-0: Ball 2-0: Called Strike Karl Hill is caught stealing 2nd base
|
Bottom of the 2nd over - 0 run(s), 0 hit(s), 0 error(s), 0 left on base; Bismarck 0 - San Diego 0 |
TOP OF THE 3RD |
Bismarck Barons batting - Pitching for San Diego Smashers : LHP Juan Mendoza
|
Batting: RHB David Canseco
|
0-0: Ball 1-0: Ball 2-0: Ball 3-0: Base on Balls
|
Batting: LHB John Frost
|
0-0: Ball 1-0: Foul Ball, location: 2F 1-1: Ball 2-1: Foul Ball, location: 2F 2-2: Ball 3-2: Fielders Choice at 2nd, U6 (Groundball, 6M)
|
Batting: RHB Pancho Torres
|
0-0: Ball 1-0: Called Strike 1-1: SINGLE (Line Drive, 9S) John Frost to second Throwing error, E9 John Frost scores Pancho Torres to second
|
Batting: SHB António De La Cruz
|
0-0: Called Strike 0-1: Ball Balk! Pancho Torres to third 1-1: Ball 2-1: Foul Ball, location: 2F 2-2: Strikes out swinging
|
Batting: LHB Edwin Ryan
|
0-0: Ball 1-0: Called Strike 1-1: Ball 2-1: Ball 3-1: Foul Ball, location: 2F 3-2: Strikes out swinging
|
Top of the 3rd over - 1 run(s), 1 hit(s), 1 error(s), 1 left on base; Bismarck 1 - San Diego 0 |
BOTTOM OF THE 3RD |
San Diego Smashers batting - Pitching for Bismarck Barons : RHP Ron Martin
|
Batting: LHB Francisco Medina
|
0-0: Swinging Strike 0-1: Swinging Strike 0-2: Ball 1-2: Ball 2-2: Ball 3-2: Strikes out looking
|
Batting: RHB António López
|
0-0: Called Strike 0-1: Foul Ball, location: 2F 0-2: SINGLE (Line Drive, 6D)
|
Batting: SHB Adrián Nieto
|
0-0: Called Strike 0-1: Ball 1-1: Ball 2-1: Fly out, F4 (Popup, 34D)
|
Batting: RHB Alfredo López
|
0-0: Called Strike António López steals 2nd base 0-1: Ball 1-1: Ball 2-1: Foul Ball, location: 2F 2-2: Ball 3-2: Ground out 5-3 (Groundball, 5S)
|
Bottom of the 3rd over - 0 run(s), 1 hit(s), 0 error(s), 1 left on base; Bismarck 1 - San Diego 0 |
TOP OF THE 4TH |
Bismarck Barons batting - Pitching for San Diego Smashers : LHP Juan Mendoza
|
Batting: RHB Norm Francis
|
0-0: Ball 1-0: Called Strike 1-1: Ball 2-1: Swinging Strike 2-2: Strikes out swinging
|
Batting: RHB Eric Fuller
|
0-0: Called Strike 0-1: Foul Ball, location: 2F 0-2: Ball 1-2: Foul Ball, location: 2F 1-2: Ball 2-2: Foul Ball, location: 2F 2-2: Fly out, F8 (Flyball, 8LS)
|
Batting: RHB Herb Bunch
|
0-0: Called Strike 0-1: Called Strike 0-2: Strikes out swinging
|
Top of the 4th over - 0 run(s), 0 hit(s), 0 error(s), 0 left on base; Bismarck 1 - San Diego 0 |
BOTTOM OF THE 4TH |
San Diego Smashers batting - Pitching for Bismarck Barons : RHP Ron Martin
|
Batting: RHB Phil White
|
0-0: Ball 1-0: Ground out 5-3 (Groundball, 5L)
|
Batting: RHB Marty Hendrickson
|
0-0: Ball 1-0: Called Strike 1-1: Fly out, F9 (Flyball, 9M)
|
Batting: RHB Fred Ameris
|
0-0: Ball 1-0: Ball 2-0: Ball 3-0: Called Strike 3-1: Foul Ball, location: 2F 3-2: SINGLE (Line Drive, 8RS)
|
Batting: LHB Karl Hill
|
0-0: Ball 1-0: Called Strike 1-1: Called Strike 1-2: Ball 2-2: Strikes out swinging
|
Bottom of the 4th over - 0 run(s), 1 hit(s), 0 error(s), 1 left on base; Bismarck 1 - San Diego 0 |
TOP OF THE 5TH |
Bismarck Barons batting - Pitching for San Diego Smashers : LHP Juan Mendoza
|
Batting: LHB Jorge Fernández
|
0-0: Ball 1-0: Swinging Strike 1-1: Ground out 6-3 (Groundball, 6M)
|
Batting: RHB David Canseco
|
0-0: Foul Ball, location: 2F 0-1: Foul Ball, location: 2F 0-2: Strikes out swinging
|
Batting: LHB John Frost
|
0-0: Called Strike 0-1: Foul Ball, location: 2F 0-2: Strikes out swinging
|
Top of the 5th over - 0 run(s), 0 hit(s), 0 error(s), 0 left on base; Bismarck 1 - San Diego 0 |
BOTTOM OF THE 5TH |
San Diego Smashers batting - Pitching for Bismarck Barons : RHP Ron Martin
|
Batting: RHB John Bryant
|
0-0: Foul Ball, location: 2F 0-1: Swinging Strike 0-2: Ball 1-2: Strikes out swinging
|
Batting: LHB Francisco Medina
|
0-0: Ball 1-0: Called Strike 1-1: Ball 2-1: Foul Ball, location: 2F 2-2: Fly out, F8 (Flyball, 8RM)
|
Batting: RHB António López
|
0-0: Ball 1-0: Called Strike 1-1: Foul Ball, location: 2F 1-2: Ball 2-2: Strikes out swinging
|
Bottom of the 5th over - 0 run(s), 0 hit(s), 0 error(s), 0 left on base; Bismarck 1 - San Diego 0 |
TOP OF THE 6TH |
Bismarck Barons batting - Pitching for San Diego Smashers : LHP Juan Mendoza
|
Batting: RHB Pancho Torres
|
0-0: Ball 1-0: Ball 2-0: Ball 3-0: Called Strike 3-1: Ground out 4-3 (Groundball, 4)
|
Batting: SHB António De La Cruz
|
0-0: Called Strike 0-1: Ball 1-1: Swinging Strike 1-2: Fly out, F4 (Popup, 34D)
|
Batting: LHB Edwin Ryan
|
0-0: Called Strike 0-1: Fly out, F8 (Flyball, 8RD)
|
Top of the 6th over - 0 run(s), 0 hit(s), 0 error(s), 0 left on base; Bismarck 1 - San Diego 0 |
BOTTOM OF THE 6TH |
San Diego Smashers batting - Pitching for Bismarck Barons : RHP Ron Martin
|
Batting: SHB Adrián Nieto
|
0-0: Foul Ball, location: 2F 0-1: Swinging Strike 0-2: Strikes out swinging
|
Batting: RHB Alfredo López
|
0-0: DOUBLE (Line Drive, 7LS)
|
Batting: RHB Phil White
|
0-0: Ball 1-0: Ball 2-0: Swinging Strike 2-1: Foul Ball, location: 2F 2-2: Ball 3-2: Base on Balls
|
Pitching: RHP Gene McNeil
|
|
Batting: RHB Marty Hendrickson
|
0-0: Ball 1-0: Swinging Strike 1-1: Ball 2-1: Ball 3-1: Foul Ball, location: 2F 3-2: Base on Balls Alfredo López to third Phil White to second
|
Batting: RHB Fred Ameris
|
0-0: Fly out, F7 (Flyball, 7D) Runner from 3rd tags up, SCORES, no throw
|
Batting: LHB Karl Hill
|
0-0: SINGLE (Groundball, 4MD) Phil White to third Marty Hendrickson to second Runner from 3rd tries for Home, SAFE, no throw or cutoff
|
Batting: RHB John Bryant
|
0-0: Ball 1-0: Swinging Strike 1-1: Foul Ball, location: 2F 1-2: Foul Ball, location: 2F 1-2: Ball Wild Pitch! Marty Hendrickson to third Karl Hill to second 2-2: Strikes out looking
|
Bottom of the 6th over - 2 run(s), 2 hit(s), 0 error(s), 2 left on base; Bismarck 1 - San Diego 2 |
TOP OF THE 7TH |
Bismarck Barons batting - Pitching for San Diego Smashers : LHP Juan Mendoza
|
Batting: RHB Norm Francis
|
0-0: Foul Ball, location: 2F 0-1: Ball 1-1: Fly out, F2 (Popup, 2RF)
|
Batting: RHB Eric Fuller
|
0-0: Called Strike 0-1: Called Strike 0-2: Ball 1-2: Ball 2-2: Strikes out looking
|
Batting: RHB Herb Bunch
|
0-0: Ball 1-0: Swinging Strike 1-1: DOUBLE (Flyball, 7D)
|
Pitching: LHP Don Sutherland
|
|
Pinch Hitting: RHB Roberto García
|
0-0: Ball 1-0: Foul Ball, location: 2F 1-1: Ground out U3 (Groundball, 3)
|
Top of the 7th over - 0 run(s), 1 hit(s), 0 error(s), 1 left on base; Bismarck 1 - San Diego 2 |
BOTTOM OF THE 7TH |
San Diego Smashers batting - Pitching for Bismarck Barons : RHP Gene McNeil
|
Pitching: LHP Francisco Rodríguez
|
|
Now at 1B: Jeff Chambers
|
|
Batting: LHB Francisco Medina
|
0-0: Ball 1-0: Ball 2-0: Ball 3-0: Base on Balls
|
Pitching: LHP Charlie Conner
|
|
Batting: RHB António López
|
0-0: Ball 1-0: Foul Ball, location: 2F 1-1: Foul Ball, location: 2F 1-2: Strikes out swinging
|
Batting: SHB Adrián Nieto
|
0-0: Called Strike 0-1: Ball 1-1: Ball 2-1: Fly out, F8 (Flyball, 89M)
|
Batting: RHB Alfredo López
|
0-0: Called Strike 0-1: Ball Pickoff Throw to First - Out!
|
Bottom of the 7th over - 0 run(s), 0 hit(s), 0 error(s), 0 left on base; Bismarck 1 - San Diego 2 |
TOP OF THE 8TH |
Bismarck Barons batting - Pitching for San Diego Smashers : LHP Don Sutherland
|
Pitching: LHP Jesús Martínez
|
|
Now at 3B: John Nelson
|
|
Batting: RHB David Canseco
|
0-0: Called Strike 0-1: Foul Ball, location: 2F 0-2: Foul Ball, location: 2F 0-2: Strikes out swinging
|
Batting: LHB John Frost
|
0-0: Foul Ball, location: 2F 0-1: Called Strike 0-2: Ball 1-2: Strikes out swinging
|
Batting: RHB Pancho Torres
|
0-0: Called Strike 0-1: Ball 1-1: Foul Ball, location: 2F 1-2: Ball 2-2: Strikes out looking
|
Top of the 8th over - 0 run(s), 0 hit(s), 0 error(s), 0 left on base; Bismarck 1 - San Diego 2 |
BOTTOM OF THE 8TH |
San Diego Smashers batting - Pitching for Bismarck Barons : LHP Charlie Conner
|
Batting: RHB Alfredo López
|
0-0: Ball 1-0: Swinging Strike 1-1: Called Strike 1-2: Strikes out swinging
|
Batting: RHB Phil White
|
0-0: Foul Ball, location: 2F 0-1: Ball 1-1: Foul Ball, location: 2F 1-2: Foul Ball, location: 2F 1-2: Ball 2-2: Fly out, F9 (Line Drive, 9LM)
|
Batting: RHB Marty Hendrickson
|
0-0: Ball 1-0: SINGLE (Line Drive, 34)
|
Batting: RHB Fred Ameris
|
0-0: Ball 1-0: Swinging Strike 1-1: Foul Ball, location: 2F 1-2: Foul Ball, location: 2F 1-2: TRIPLE (Line Drive, 78S) Marty Hendrickson scores
|
Batting: LHB Karl Hill
|
0-0: Called Strike 0-1: Swinging Strike 0-2: Ball 1-2: Foul Ball, location: 2F 1-2: Ball 2-2: Ball 3-2: Foul Ball, location: 2F 3-2: Strikes out looking
|
Bottom of the 8th over - 1 run(s), 2 hit(s), 0 error(s), 1 left on base; Bismarck 1 - San Diego 3 |
TOP OF THE 9TH |
Bismarck Barons batting - Pitching for San Diego Smashers : LHP Jesús Martínez
|
Pitching: RHP Bill Elliott
|
|
Batting: SHB António De La Cruz
|
0-0: Called Strike 0-1: Foul Ball, location: 2F 0-2: Ball 1-2: Ball 2-2: Foul Ball, location: 2F 2-2: Foul Ball, location: 2F 2-2: Fly out, F7 (Flyball, 7LD)
|
Batting: LHB Edwin Ryan
|
0-0: Ball 1-0: Called Strike 1-1: Ball 2-1: SOLO HOME RUN (Line Drive, 9D), Distance : 378 ft
|
Batting: RHB Norm Francis
|
0-0: Ball 1-0: Foul Ball, location: 2F 1-1: Ball 2-1: Swinging Strike 2-2: Ball 3-2: Foul Ball, location: 2F 3-2: SINGLE (Line Drive, 6MD)
|
Batting: RHB Eric Fuller
|
0-0: Ball 1-0: Ball 2-0: Ball 3-0: Base on Balls Norm Francis to second
|
Pinch Hitting: RHB Seiji Kouno
|
0-0: Called Strike 0-1: Ball 1-1: SINGLE (Groundball, 6MD) Norm Francis to third Eric Fuller to second
|
Batting: SHB Jeff Chambers
|
0-0: Ball 1-0: Ball 2-0: Ball 3-0: Base on Balls Norm Francis scores Eric Fuller to third Seiji Kouno to second
|
Batting: RHB David Canseco
|
0-0: Foul Ball, location: 2F 0-1: Called Strike 0-2: Ball 1-2: Ball 2-2: Strikes out swinging
|
Batting: LHB John Frost
|
0-0: Foul Ball, location: 2F 0-1: Ball 1-1: DOUBLE (Line Drive, 9D) Eric Fuller scores Seiji Kouno scores Jeff Chambers to third
|
Pitching: LHP Raymond Ritchie
|
|
Pinch Hitting: RHB Michael Thomas
|
0-0: Ball 1-0: Foul Ball, location: 2F 1-1: Foul Ball, location: 2F 1-2: Strikes out looking
|
Top of the 9th over - 4 run(s), 4 hit(s), 0 error(s), 2 left on base; Bismarck 5 - San Diego 3 |
BOTTOM OF THE 9TH |
San Diego Smashers batting - Pitching for Bismarck Barons : LHP Charlie Conner
|
Pitching: LHP Rob Lucas
|
|
Now at SS: Michael Thomas
|
|
Now in RF: Seiji Kouno
|
|
Batting: RHB John Bryant
|
0-0: Called Strike 0-1: Called Strike 0-2: Ball 1-2: Strikes out swinging
|
Batting: LHB Francisco Medina
|
0-0: Ground out 4-3 (Groundball, 34)
|
Batting: RHB John Nelson
|
0-0: Called Strike 0-1: Ball 1-1: Swinging Strike 1-2: Ball 2-2: Ground out 1-3 (Groundball, 15S)
|
Bottom of the 9th over - 0 run(s), 0 hit(s), 0 error(s), 0 left on base; Bismarck 5 - San Diego 3 |
|